Map: 뉴커크 재개발 지구 - 토너먼트 (공허의 유산)

Players

aLive - Winner!

  • Race: Terran Terran
  • Spawn Location: 5:00

Harstem

  • Race: Protoss Protoss
  • Spawn Location: 7:00

Event: IEM XI Katowice - World Championship 2017

VOD

Have the link to the VOD?

Description

Time

  • Played on: March 2, 2017, 1:53 a.m.
  • Length: 12:09

All games in this series

Show
View Real Time Build Order
Export as new Build Order

aLive Terran - Winner!

Build Orders: Reaper Expand, MMM Bio 

Get SALT Encoding   

  12  0:00  SCV  
  13  0:12  SCV  
  14  0:17  Supply Depot  
  14  0:25  SCV  
  15  0:29  Refinery  
  15  0:39  SCV  
  16  0:45  Barracks  
  16  0:51  SCV  
  17  1:03  SCV  
  18  1:15  SCV  
  19  1:31  Orbital Command  
  19  1:32  Reaper  
  20  1:45  Command Center  
  20  1:55  Factory  
  20  1:59  SCV  
  21  2:06  Barracks Reactor  
  21  2:07  Refinery  
  21  2:11  SCV  
  22  2:16  Supply Depot  
  22  2:23  SCV  
  23  2:38  SCV  
  23  2:41  Starport  
  23  2:42  Marine  
  23  2:43  Marine  
  26  2:46  Widow Mine  
  26  2:50  SCV  
  29  2:59  Orbital Command  
  29  3:02  Marine, SCV  
  29  3:03  Marine  
  32  3:17  Cyclone  
  35  3:21  Medivac  
  35  3:22  SCV  
  35  3:25  SCV  
  35  3:27  Marine  
  38  3:28  Marine  
  40  3:38  SCV x2  
  40  3:39  Supply Depot  
  42  3:45  Marine  
  42  3:46  Marine  
  44  3:50  SCV x2  
  46  4:02  SCV  
  46  4:10  Supply Depot  
  46  4:12  Factory Tech Lab  
  46  4:15  SCV  
  47  4:17  Engineering Bay, Barracks  
  47  4:18  SCV  
  47  4:19  Supply Depot, Marine, Barracks  
  47  4:22  Marine  
  50  4:24  Starport Reactor  
  50  4:27  SCV  
  50  4:30  SCV  
  52  4:39  Marine, SCV  
  52  4:42  SCV  
  52  4:45  Factory Reactor  
  55  4:46  Terran Infantry Weapons Level 1  
  55  4:51  SCV  
  55  4:52  Supply Depot  
  56  4:54  SCV  
  55  5:03  SCV  
  55  5:05  Marine x2  
  55  5:06  Barracks Tech Lab, SCV  
  55  5:11  Refinery x2  
  53  5:15  Marine, SCV  
  53  5:16  Stimpack  
  53  5:19  Supply Depot, SCV  
  56  5:23  Marine x2  
  56  5:24  Supply Depot  
  56  5:26  Barracks  
  56  5:27  SCV, Barracks  
  59  5:30  Marine  
  59  5:31  SCV  
  59  5:32  Marine  
  62  5:38  Widow Mine x2  
  62  5:39  Medivac  
  62  5:40  Marine  
  62  5:42  Medivac  
  71  5:44  SCV  
  71  5:45  SCV  
  73  5:50  Missile Turret  
  73  5:52  Marine x3  
  74  6:06  Supply Depot x2, Marine  
  74  6:07  Combat Shields  
  74  6:09  Marine  
  74  6:10  Marauder x2  
  80  6:15  Barracks Tech Lab, Barracks Reactor  
  84  6:20  Medivac x2  
  84  6:26  Widow Mine x2  
  84  6:29  Marine x2  
  84  6:31  Marine x2  
  92  6:39  Marauder  
  94  6:43  Terran Infantry Armor Level 1  
  94  6:47  Marine  
  94  6:50  Marine x3  
  98  6:55  Command Center  
  98  6:57  Concussive Shells  
  98  6:58  Marine x2  
  98  7:00  Marine  
  101  7:02  Medivac x2  
  101  7:05  Widow Mine x2  
  109  7:09  Supply Depot  
  109  7:11  Supply Depot  
  109  7:17  Marine  
  110  7:30  Marine x6  
  110  7:31  Liberator x2  
  110  7:33  Supply Depot  
  110  7:36  Supply Depot  
  116  7:40  Marine  
  117  7:48  Marine  
  124  7:57  Marine x2, Widow Mine x2  
  124  7:58  Marauder x3  
  136  8:03  Supply Depot  
  136  8:06  Supply Depot  
  122  8:25  Liberator x2  
  122  8:26  Marine x4  
  117  8:27  Marauder x3  
  117  8:33  Supply Depot x2  
  110  8:43  Widow Mine x2  
  120  8:52  Orbital Command  
  119  8:59  Marine x4  
  119  9:01  Marauder x2  
  127  9:05  Marauder  
  129  9:14  Widow Mine x2  
  133  9:19  Orbital Command  
  133  9:23  Marine x2  
  133  9:24  Marine x2  
  136  9:25  Marauder x2  
  136  9:26  Marauder  
  136  9:29  Missile Turret  
  143  9:37  Medivac x2  
  141  9:45  Marine x2  
  141  9:46  Marine x2  
  145  9:56  Marauder x2  
  145  9:57  Marauder  
  151  10:01  Widow Mine x2  
  155  10:09  Marine x4  
  159  10:21  Armory  
  159  10:23  Engineering Bay  
  159  10:24  Liberator  
  159  10:25  Liberator  
  159  10:26  Marauder x3  
  165  10:29  Supply Depot x2  
  165  10:33  Marine x4  
  169  10:53  Marine  
  169  10:54  Marine x3  
  167  11:06  Marine x3  
  167  11:11  Marine  
  163  11:20  Marine x3  
  163  11:23  Marine  
  163  11:24  Marauder x2  
  169  11:35  Marine  
  169  11:38  Marine x3  
  171  11:42  Marauder  
Show
View Real Time Build Order
Export as new Build Order

Harstem Protoss 

Build Orders: 1 Gate Expand, Oracle Opening, Phoenix Opening 

Get SALT Encoding   

  12  0:01  Probe (Chrono Boost)  
  13  0:11  Probe (Chrono Boost)  
  14  0:18  Pylon  
  14  0:22  Probe (Chrono Boost)  
  15  0:36  Gateway, Probe (Chrono Boost)  
  16  0:46  Probe (Chrono Boost)  
  16  0:49  Assimilator  
  18  0:57  Probe (Chrono Boost)  
  18  1:07  Probe (Chrono Boost)  
  19  1:18  Probe (Chrono Boost)  
  20  1:26  Nexus  
  20  1:33  Cybernetics Core  
  20  1:36  Probe (Chrono Boost)  
  21  1:41  Assimilator  
  21  1:47  Probe (Chrono Boost)  
  22  1:51  Pylon  
  22  1:57  Probe (Chrono Boost)  
  23  2:06  Adept  
  23  2:11  Probe (Chrono Boost)  
  23  2:13  Stargate  
  26  2:22  Warp Gate  
  27  2:23  Probe (Chrono Boost)  
  27  2:31  Adept  
  29  2:38  Probe (Chrono Boost)  
  30  2:45  Probe (Chrono Boost)  
  32  2:53  Oracle, Probe (Chrono Boost)  
  32  2:55  Probe (Chrono Boost)  
  33  3:05  Probe (Chrono Boost)  
  37  3:06  Probe (Chrono Boost)  
  38  3:17  Probe x2 (Chrono Boost)  
  40  3:27  Pylon, Probe (Chrono Boost)  
  40  3:30  Nexus  
  40  3:32  Mothership Core (Chrono Boost)  
  40  3:34  Phoenix  
  43  3:41  Pylon  
  45  3:45  Probe (Chrono Boost)  
  46  3:55  Phoenix  
  46  3:58  Adept  
  46  3:59  Probe (Chrono Boost)  
  52  4:03  Gateway, Probe (Chrono Boost)  
  52  4:08  Gateway  
  49  4:12  Probe (Chrono Boost)  
  51  4:18  Probe (Chrono Boost)  
  51  4:22  Robotics Facility  
  51  4:25  Probe (Chrono Boost)  
  51  4:27  Pylon  
  53  4:33  Probe (Chrono Boost)  
  49  4:39  Phoenix, Probe (Chrono Boost)  
  51  4:47  Adept  
  51  4:50  Probe (Chrono Boost)  
  51  4:51  Probe (Chrono Boost)  
  51  4:52  Probe (Chrono Boost)  
  52  5:01  Probe (Chrono Boost)  
  52  5:02  Probe x2 (Chrono Boost)  
  49  5:07  Adept  
  49  5:12  Observer, Probe x2 (Chrono Boost)  
  49  5:13  Probe (Chrono Boost)  
  56  5:20  Assimilator  
  55  5:22  Twilight Council  
  55  5:23  Probe x2 (Chrono Boost)  
  55  5:24  Assimilator, Probe (Chrono Boost)  
  55  5:27  Adept  
  60  5:33  Probe (Chrono Boost)  
  60  5:34  Probe (Chrono Boost)  
  61  5:36  Probe (Chrono Boost)  
  61  5:37  Adept x2  
  65  5:44  Probe x2 (Chrono Boost)  
  65  5:46  Probe (Chrono Boost)  
  68  5:53  Adept  
  68  5:55  Probe x2 (Chrono Boost)  
  73  5:57  Phoenix, Probe (Chrono Boost)  
  73  6:00  Pylon  
  73  6:01  Resonating Glaives  
  75  6:05  Probe (Chrono Boost)  
  76  6:13  Gateway  
  76  6:15  Gateway  
  76  6:16  Gateway  
  76  6:19  Phoenix, Sentry  
  76  6:21  Probe (Chrono Boost)  
  76  6:22  Probe (Chrono Boost)  
  80  6:26  Adept  
  80  6:27  Adept  
  80  6:29  Pylon  
  84  6:37  Probe (Chrono Boost)  
  85  6:40  Phoenix  
  85  6:45  Adept  
  85  6:47  Probe x2 (Chrono Boost)  
  91  6:49  Adept x2, Probe (Chrono Boost)  
  91  6:53  Pylon  
  96  6:55  Pylon  
  97  7:01  Pylon  
  97  7:02  Phoenix  
  97  7:05  Pylon, Observer  
  97  7:08  Pylon  
  99  7:13  Adept x3  
  105  7:18  Adept x2  
  109  7:24  Phoenix, Adept  
  109  7:28  Pylon, Probe (Chrono Boost)  
  114  7:33  Adept x3, Forge  
  120  7:42  Observer  
  119  7:46  Phoenix  
  119  7:48  Adept x3, Probe (Chrono Boost)  
  129  7:54  Pylon  
  129  7:55  Pylon  
  129  7:56  Adept x3  
  135  7:59  Pylon  
  136  8:06  Pylon  
  136  8:07  Probe (Chrono Boost)  
  134  8:21  Adept  
  134  8:22  Adept x4  
  134  8:25  Phoenix  
  134  8:26  Probe (Chrono Boost)  
  145  8:29  Protoss Ground Weapons Level 1  
  146  8:35  Probe (Chrono Boost)  
  146  8:38  Forge  
  146  8:39  Pylon  
  146  8:43  Warp Prism  
  146  8:46  Adept x6  
  160  8:58  Probe (Chrono Boost)  
  160  8:59  Probe (Chrono Boost)  
  160  9:00  Assimilator x2  
  162  9:11  Protoss Ground Armor Level 1, Probe x3 (Chrono Boost)  
  162  9:13  Photon Cannon  
  156  9:26  Phoenix  
  156  9:29  Adept  
  160  9:31  Adept  
  160  9:33  Adept x2  
  160  9:37  Nexus  
  163  9:39  Pylon  
  163  9:44  Probe (Chrono Boost)  
  163  9:45  Probe (Chrono Boost)  
  163  9:47  Adept x2  
  163  9:49  Pylon  
  163  9:52  Protoss Air Weapons Level 1, Probe (Chrono Boost)  
  168  9:54  Blink  
  168  9:57  Sentry  
  170  10:05  Phoenix  
  172  10:09  Sentry  
  176  10:23  Probe x3 (Chrono Boost)  
  176  10:25  Immortal  
  177  10:33  Robotics Bay  
  179  10:47  Adept x3  
  179  10:48  Adept x2  
  183  10:57  Adept  
  178  11:08  Pylon  
  178  11:11  Pylon  
  168  11:21  Stalker x4  
  168  11:22  Sentry  
  168  11:24  Pylon  
  172  11:27  Sentry  
  136  11:49  Adept x5  
  82  12:05  Adept  

Tags
 
Add a new tag
Caveats
  • Supply blocks, unpowered buildings, or Contaminate may cause inaccurate times.
  • Supply counts are checked every 10 seconds.